Description

oh im stupedh

Replay - pvz_fast_carriers

Build Order

Get SALT Encoding   

  12  0:00  Probe  
  13  0:12  Probe  
  14  0:20  Pylon  
  14  0:25  Probe  
  15  0:38  Probe  
  16  0:50  Probe  
  17  1:02  Nexus  
  17  1:04  Probe  
  18  1:15  Gateway  
  18  1:18  Probe (Chrono Boost)  
  19  1:24  Assimilator  
  19  1:30  Probe (Chrono Boost)  
  19  1:31  Assimilator  
  20  1:35  Probe (Chrono Boost)  
  21  1:40  Pylon  
  21  1:44  Probe (Chrono Boost)  
  24  2:03  Cybernetics Core  
  24  2:06  Zealot  
  32  2:39  Stargate  
  32  2:41  Sentry  
  34  2:46  Assimilator x2  
  36  2:54  Shield Battery  
  38  3:01  Pylon  
  40  3:14  Void Ray (Chrono Boost)  
  46  3:27  Protoss Air Weapons Level 1  
  48  3:47  Fleet Beacon  
  50  3:56  Stargate  
  52  4:05  Pylon  
  52  4:17  Nexus  
  52  4:19  Pylon  
  58  4:41  Carrier x2 (Chrono Boost)  
  68  5:06  Assimilator  
  68  5:12  Assimilator, Forge  
  68  5:14  Stargate  
  72  5:29  Void Ray x2  
  81  5:42  Shield Battery  
  83  5:43  Protoss Air Weapons Level 2  
  83  5:48  Flux Vanes  
  84  5:54  Photon Cannon  
  84  5:55  Void Ray  
  89  6:15  Void Ray  
  93  6:46  Photon Cannon x2  
  96  6:59  Carrier x3 (Chrono Boost)  
  113  7:47  Carrier (Chrono Boost)  
  93  8:43  Nexus, Gateway  
  87  9:09  Carrier (Chrono Boost)  
  75  9:54  Cybernetics Core  
Spawning Tool Build Advisor. Get it on Overwolf

Go to:

Details

  • Created by: eorbert
  • Published on: Sep 18, 2022
  • Modified on: Sep 18, 2022
  • Patch: 4.11.0
  • Difficulty: Medium
Show
View Real Time Build Order
Export as new Build Order

Comments (1)

On Nov. 21, 2022, 2:14 a.m., Storky  said:

MISS-TITLED

Create an account to comment!